[ AOE2 MATCH · #473255066 ]
UnrankedByzantines vs Slavs
[ REPLAY ANALYSIS · EXTRACTED FROM THE RECORDED GAME ]
Feudal
8:08
Castle
10:48
Imperial
14:57
| APM avg | 34.0 |
| APM peak | 75 |
| eAPM avg | 27.2 |
| Villagers / military | 110 / 1524 |
Focus
⚔️ 42.8% · 🌾 57.2%
Cataphract ×936 · Battering Ram ×474 · Mangonel ×105 · Fishing Ship ×23 · Archer ×1 · Knight ×1
Feudal
5:14
Castle
8:38
Imperial
17:09
| APM avg | 41.6 |
| APM peak | 129 |
| eAPM avg | 33.9 |
| Villagers / military | 64 / 1148 |
Focus
⚔️ 19.9% · 🌾 80.1%
Jaguar Warrior ×888 · Scorpion ×186 · Mangonel ×74 · Fishing Ship ×30
Feudal
4:15
Castle
7:49
Imperial
20:27
| APM avg | 40.5 |
| APM peak | 103 |
| eAPM avg | 31.7 |
| Villagers / military | 111 / 3739 |
Focus
⚔️ 71.0% · 🌾 29.0%
Militia ×1321 · Spearman ×965 · Magyar Huszar ×944 · Cavalry Archer ×508 · Mangonel ×1
Feudal
8:13
Castle
10:57
Imperial
14:51
| APM avg | 25.7 |
| APM peak | 84 |
| eAPM avg | 19.8 |
| Villagers / military | 170 / 1618 |
Focus
⚔️ 69.7% · 🌾 30.3%
Mangudai ×1366 · Battering Ram ×245 · Mangonel ×6 · Petard ×1
Feudal
8:35
Castle
11:50
Imperial
16:51
| APM avg | 34.7 |
| APM peak | 149 |
| eAPM avg | 26.8 |
| Villagers / military | 339 / 1644 |
Focus
⚔️ 40.5% · 🌾 59.5%
Scorpion ×773 · Battering Ram ×651 · Samurai ×190 · Fishing Ship ×75 · Skirmisher ×20 · Mangonel ×10
Feudal
10:09
Castle
23:47
Imperial
31:07
| APM avg | 23.9 |
| APM peak | 72 |
| eAPM avg | 18.7 |
| Villagers / military | 54 / 577 |
Focus
⚔️ 61.3% · 🌾 38.7%
Cavalry Archer ×309 · Chu Ko Nu ×155 · Iron Pagoda ×60 · Trebuchet (Packed) ×19 · Militia ×9 · Scorpion ×7
Feudal
5:05
Castle
9:44
Imperial
31:03
| APM avg | 24.5 |
| APM peak | 82 |
| eAPM avg | 18.6 |
| Villagers / military | 247 / 1430 |
Focus
⚔️ 46.9% · 🌾 53.1%
Kamayuk ×620 · Petard ×367 · Spearman ×172 · Archer ×125 · Skirmisher ×125 · Mangonel ×20
Feudal
3:34
Castle
8:48
Imperial
11:23
| APM avg | 28.5 |
| APM peak | 57 |
| eAPM avg | 22.4 |
| Villagers / military | 109 / 1842 |
Focus
⚔️ 62.4% · 🌾 37.6%
Boyar ×902 · Cavalry Archer ×678 · Spearman ×232 · Militia ×20 · Mangonel ×8 · Monk ×2
Match map
Initial resources + every placement click. Lines = walls · curves = elevation contours. ◆ gold · ⬟ stone · ● berries · ✦ relic · ◌ wall gap
Your base
東亞窪地's base
fxsound's base
468673564's base
FlyingSheep's base
Mr.李's base
[ATA]Woosa's base
babeleo's base
Smoothed initial terrain · ◌ = detected wall gap · hover for details
Inputs per minute
— Pikachu - - 東亞窪地
Build order — Pikachu
First 150 of 984 actions detected
| 1:16 | Build | Mill |
| 1:28 | Build | Farm |
| 1:30 | Build | Farm |
| 1:32 | Build | Farm |
| 1:36 | Build | Farm |
| 1:37 | Build | Farm |
| 1:40 | Build | Farm |
| 1:46 | Build | Farm |
| 1:48 | Build | Farm |
| 1:56 | Build | Lumber Camp |
| 1:58 | Build | Lumber Camp |
| 4:04 | Build | Farm |
| 5:12 | Build | Farm |
| 6:21 | Build | Lumber Camp |
| 6:41 | Build | Farm |
| 7:16 | Research | Feudal Age |
| 8:08 | Age | Feudal Age |
| 8:11 | Build | Market |
| 8:21 | Build | Blacksmith |
| 8:22 | Research | Double-Bit Axe |
| 8:22 | Research | Double-Bit Axe |
| 8:22 | Research | Tech 1687 |
| 8:23 | Research | Tech 1687 |
| 8:23 | Research | Tech 1688 |
| 8:23 | Research | Tech 1688 |
| 9:44 | Research | Castle Age |
| 9:49 | Build | Dock |
| 9:54 | Build | Dock |
| 10:39 | Research | Tech 1960 |
| 10:39 | Research | Tech 1960 |
| 10:39 | Research | Tech 1961 |
| 10:40 | Research | Tech 1961 |
| 10:40 | Research | Tech 1962 |
| 10:40 | Create | Fishing Ship |
| 10:41 | Create | Fishing Ship |
| 10:41 | Create | Fishing Ship |
| 10:41 | Create | Fishing Ship |
| 10:41 | Create | Fishing Ship |
| 10:48 | Age | Castle Age |
| 11:00 | Build | Town Center |
| 11:09 | Build | Town Center |
| 11:34 | Build | Fish Trap |
| 11:39 | Build | Dock |
| 11:41 | Build | Dock |
| 11:48 | Create | Villager (Male) ×5 |
| 11:49 | Research | Wheelbarrow |
| 11:49 | Research | Loom |
| 11:49 | Research | Town Watch |
| 11:50 | Research | Tech 1699 |
| 11:50 | Research | Town Watch |
| 11:50 | Research | Tech 1628 |
| 11:50 | Research | Tech 1699 |
| 11:50 | Research | Tech 1612 |
| 11:50 | Research | Tech 1629 |
| 11:50 | Research | Tech 1700 |
| 11:50 | Research | Tech 1612 |
| 11:51 | Research | Tech 1629 |
| 11:51 | Research | Tech 1613 |
| 12:01 | Build | Mining Camp |
| 12:15 | Build | Fish Trap |
| 12:20 | Research | Gillnets |
| 12:21 | Research | Tech 1659 |
| 12:21 | Research | Tech 1660 |
| 12:21 | Research | Tech 1660 |
| 12:22 | Create | Fishing Ship |
| 12:23 | Create | Fishing Ship |
| 12:23 | Create | Fishing Ship |
| 12:42 | Build | Siege Workshop |
| 12:46 | Build | Monastery |
| 12:52 | Build | Fish Trap |
| 12:55 | Create | Fishing Ship ×5 |
| 12:55 | Create | Fishing Ship ×5 |
| 13:02 | Research | Gold Mining |
| 13:02 | Research | Gold Mining |
| 13:03 | Research | Tech 1653 |
| 13:03 | Research | Tech 1653 |
| 13:03 | Research | Tech 1654 |
| 13:03 | Research | Tech 1654 |
| 13:11 | Create | Mangonel |
| 13:11 | Create | Mangonel |
| 13:11 | Create | Mangonel |
| 13:12 | Create | Mangonel |
| 13:13 | Create | Mangonel |
| 13:13 | Create | Mangonel |
| 13:28 | Build | Mining Camp |
| 13:35 | Research | Gold Shaft Mining |
| 13:36 | Research | Gold Shaft Mining |
| 13:36 | Research | Tech 1677 |
| 13:36 | Research | Tech 1677 |
| 13:36 | Research | Tech 1678 |
| 13:37 | Research | Tech 1678 |
| 13:38 | Research | Stone Mining |
| 13:38 | Research | Tech 1723 |
| 13:38 | Research | Tech 1723 |
| 13:39 | Research | Tech 1724 |
| 13:39 | Research | Tech 1724 |
| 13:41 | Research | Imperial Age |
| 13:45 | Research | Hand Cart |
| 13:46 | Research | Tech 1715 |
| 13:46 | Research | Town Patrol |
| 13:46 | Research | Tech 1715 |
| 13:46 | Research | Town Patrol |
| 13:46 | Research | Tech 1716 |
| 13:47 | Research | Tech 1716 |
| 13:48 | Create | Villager (Male) |
| 13:48 | Create | Villager (Male) |
| 13:48 | Create | Villager (Male) |
| 13:53 | Build | Fish Trap |
| 13:54 | Build | Fish Trap |
| 13:56 | Build | Fish Trap |
| 13:57 | Create | Fishing Ship ×5 |
| 14:21 | Build | Fish Trap |
| 14:23 | Build | Fish Trap |
| 14:25 | Build | Fish Trap |
| 14:37 | Build | Town Center |
| 14:43 | Create | Villager (Male) |
| 14:43 | Create | Villager (Male) |
| 14:57 | Age | Imperial Age |
| 15:02 | Build | Fish Trap |
| 15:03 | Build | Fish Trap |
| 15:05 | Build | Fish Trap |
| 15:11 | Research | Onager (upgrade) |
| 15:22 | Create | Villager (Male) ×5 |
| 15:29 | Research | Stone Shaft Mining |
| 15:30 | Research | Tech 1727 |
| 15:30 | Research | Tech 1727 |
| 15:30 | Research | Tech 1728 |
| 15:31 | Research | Tech 1728 |
| 16:21 | Build | Fish Trap |
| 16:22 | Build | Fish Trap |
| 16:23 | Build | Fish Trap |
| 16:24 | Build | Fish Trap |
| 16:26 | Build | Fish Trap |
| 16:27 | Build | Fish Trap |
| 16:30 | Create | Villager (Male) ×5 |
| 16:52 | Build | Lumber Camp |
| 17:04 | Build | Market |
| 17:41 | Build | Castle |
| 17:44 | Build | Lumber Camp |
| 17:45 | Research | Bow Saw |
| 17:45 | Research | Bow Saw |
| 17:45 | Research | Tech 1691 |
| 17:45 | Research | Tech 1691 |
| 17:46 | Research | Tech 1692 |
| 17:46 | Research | Tech 1692 |
| 17:54 | Create | Villager (Male) ×5 |
| 17:55 | Create | Villager (Male) ×5 |
| 18:39 | Build | Fish Trap |
| 18:41 | Build | Fish Trap |
| 18:44 | Build | Fish Trap |
Build order — 東亞窪地
First 150 of 670 actions detected
| 0:05 | Create | Villager (Male) |
| 0:05 | Create | Villager (Male) |
| 0:05 | Create | Villager (Male) |
| 0:19 | Build | House |
| 0:37 | Create | Villager (Male) |
| 0:49 | Build | Settlement |
| 1:06 | Create | Villager (Male) |
| 1:20 | Create | Villager (Male) |
| 2:02 | Create | Villager (Male) |
| 2:24 | Create | Villager (Male) |
| 2:32 | Build | Farm |
| 2:35 | Create | Villager (Male) |
| 2:57 | Build | Farm |
| 2:58 | Create | Villager (Male) |
| 3:11 | Create | Villager (Male) |
| 3:37 | Create | Villager (Male) |
| 4:05 | Research | Feudal Age |
| 4:36 | Build | Farm |
| 5:14 | Age | Feudal Age |
| 5:16 | Research | Wheelbarrow |
| 5:17 | Research | Wheelbarrow |
| 5:26 | Build | Market |
| 5:39 | Create | Villager (Male) |
| 5:45 | Research | Tech 1699 |
| 6:02 | Build | Blacksmith |
| 6:09 | Research | Tech 1700 |
| 6:23 | Build | Farm |
| 6:42 | Research | Town Watch |
| 6:46 | Build | Farm |
| 6:51 | Research | Tech 1612 |
| 6:51 | Research | Tech 1613 |
| 7:34 | Research | Castle Age |
| 7:57 | Research | Double-Bit Axe |
| 7:57 | Research | Double-Bit Axe |
| 7:57 | Research | Tech 1687 |
| 7:58 | Research | Tech 1687 |
| 8:08 | Research | Tech 1688 |
| 8:38 | Age | Castle Age |
| 8:39 | Create | Villager (Male) |
| 8:40 | Create | Villager (Male) |
| 8:53 | Research | Bow Saw |
| 8:53 | Research | Tech 1691 |
| 8:54 | Research | Tech 1692 |
| 8:54 | Research | Tech 1692 |
| 8:59 | Create | Villager (Male) |
| 9:20 | Create | Villager (Male) |
| 9:37 | Create | Villager (Male) |
| 9:48 | Create | Villager (Male) |
| 10:13 | Create | Villager (Male) |
| 10:21 | Research | Hand Cart |
| 10:33 | Research | Tech 1715 |
| 10:51 | Research | Tech 1716 |
| 11:25 | Build | Town Center |
| 11:41 | Research | Town Patrol |
| 11:42 | Research | Town Patrol |
| 11:49 | Create | Villager (Male) |
| 11:49 | Create | Villager (Male) |
| 11:50 | Create | Villager (Male) |
| 12:08 | Create | Villager (Male) |
| 12:08 | Create | Villager (Male) |
| 12:08 | Create | Villager (Male) |
| 12:12 | Create | Villager (Male) |
| 12:15 | Create | Villager (Male) |
| 12:36 | Create | Villager (Male) |
| 12:37 | Create | Villager (Male) |
| 12:37 | Create | Villager (Male) |
| 12:38 | Create | Villager (Male) |
| 13:03 | Create | Villager (Male) |
| 13:04 | Create | Villager (Male) |
| 13:04 | Create | Villager (Male) |
| 13:05 | Create | Villager (Male) |
| 13:21 | Create | Villager (Male) |
| 13:22 | Create | Villager (Male) |
| 13:22 | Create | Villager (Male) |
| 13:58 | Build | Castle |
| 14:13 | Create | Villager (Male) |
| 14:13 | Create | Villager (Male) |
| 14:14 | Create | Villager (Male) |
| 14:15 | Create | Villager (Male) |
| 14:45 | Build | Farm |
| 14:49 | Create | Villager (Male) |
| 15:21 | Build | Farm |
| 15:53 | Research | Imperial Age |
| 16:15 | Build | Town Center |
| 16:31 | Build | Farm |
| 16:40 | Build | Settlement |
| 16:54 | Research | Gold Mining |
| 16:54 | Research | Tech 1653 |
| 16:54 | Research | Tech 1654 |
| 17:09 | Age | Imperial Age |
| 17:11 | Research | Tech 1705 |
| 17:11 | Research | Tech 1706 |
| 17:12 | Research | Gold Shaft Mining |
| 17:13 | Research | Gold Shaft Mining |
| 17:13 | Research | Tech 1677 |
| 17:15 | Research | Stone Mining |
| 17:16 | Research | Stone Mining |
| 17:26 | Build | Siege Workshop |
| 17:30 | Research | Loom |
| 17:30 | Research | Loom |
| 17:31 | Research | Tech 1628 |
| 17:31 | Research | Tech 1628 |
| 17:51 | Create | Mangonel |
| 17:51 | Create | Mangonel |
| 17:52 | Create | Mangonel |
| 18:03 | Research | Tech 1871 |
| 18:03 | Research | Tech 1871 |
| 18:04 | Research | Tech 1872 |
| 18:04 | Research | Tech 1872 |
| 18:07 | Research | Forging |
| 18:07 | Research | Tech 1661 |
| 18:07 | Research | Tech 1662 |
| 18:20 | Research | Onager (upgrade) |
| 18:35 | Build | Farm |
| 18:47 | Research | Tech 1629 |
| 18:47 | Research | Tech 1629 |
| 18:49 | Create | Villager (Male) |
| 18:49 | Create | Villager (Male) |
| 18:49 | Create | Villager (Male) |
| 18:49 | Create | Villager (Male) |
| 19:04 | Create | Mangonel |
| 19:04 | Create | Mangonel |
| 19:05 | Create | Mangonel |
| 19:05 | Create | Mangonel |
| 19:05 | Create | Mangonel |
| 19:05 | Create | Mangonel |
| 19:44 | Research | Garland Wars |
| 20:06 | Create | Mangonel ×5 |
| 20:07 | Create | Mangonel ×5 |
| 20:07 | Create | Mangonel ×5 |
| 20:07 | Create | Mangonel ×5 |
| 20:53 | Research | Siege Onager (upgrade) |
| 21:28 | Research | Tech 1630 |
| 21:29 | Research | Tech 1631 |
| 21:29 | Research | Tech 1631 |
| 21:32 | Research | Atlatl |
| 23:50 | Build | Settlement |
| 24:24 | Research | Horse Collar |
| 24:24 | Research | Tech 1624 |
| 24:24 | Research | Tech 1625 |
| 24:26 | Research | Tech 1678 |
| 24:26 | Research | Tech 1678 |
| 24:27 | Research | Stone Shaft Mining |
| 24:27 | Research | Stone Shaft Mining |
| 24:27 | Research | Tech 1723 |
| 24:37 | Research | Capped Ram (upgrade) |
| 24:41 | Research | Tech 1764 |
| 24:42 | Research | Tech 1765 |
| 24:42 | Research | Tech 1765 |
| 24:43 | Research | Elite Jaguar Warrior (upgrade) |
Build order — fxsound
First 150 of 1454 actions detected
| 0:04 | Build | House |
| 0:04 | Create | Villager (Male) |
| 0:08 | Create | Villager (Male) |
| 0:11 | Create | Villager (Male) |
| 0:23 | Build | Settlement |
| 0:26 | Create | Villager (Male) |
| 1:42 | Create | Villager (Male) |
| 1:51 | Create | Villager (Male) |
| 2:03 | Create | Villager (Male) |
| 2:40 | Create | Villager (Male) |
| 3:22 | Research | Feudal Age |
| 3:45 | Build | Farm |
| 3:50 | Build | Farm |
| 4:03 | Build | Farm |
| 4:06 | Build | Farm |
| 4:10 | Build | Farm |
| 4:14 | Create | Villager (Male) |
| 4:15 | Create | Villager (Male) |
| 4:15 | Age | Feudal Age |
| 4:21 | Research | Double-Bit Axe |
| 4:22 | Research | Tech 1687 |
| 4:22 | Research | Tech 1687 |
| 4:36 | Research | Tech 1688 |
| 4:47 | Build | Farm |
| 5:06 | Create | Villager (Male) |
| 5:08 | Build | Farm |
| 5:28 | Create | Villager (Male) |
| 5:44 | Create | Villager (Male) |
| 5:49 | Create | Villager (Male) |
| 5:53 | Create | Villager (Male) |
| 6:00 | Create | Villager (Male) |
| 6:07 | Build | Market |
| 6:11 | Build | Blacksmith |
| 6:33 | Research | Castle Age |
| 6:40 | Build | Farm |
| 7:48 | Create | Villager (Male) |
| 7:49 | Age | Castle Age |
| 7:49 | Create | Villager (Male) |
| 7:50 | Create | Villager (Male) |
| 8:00 | Build | Town Center |
| 8:02 | Build | Town Center |
| 8:18 | Build | Town Center |
| 8:27 | Build | Settlement |
| 8:33 | Create | Villager (Male) |
| 8:47 | Research | Bow Saw |
| 8:48 | Research | Tech 1691 |
| 8:48 | Research | Tech 1692 |
| 8:57 | Research | Wheelbarrow |
| 8:58 | Research | Tech 1699 |
| 8:58 | Research | Tech 1700 |
| 9:00 | Research | Town Watch |
| 9:01 | Research | Tech 1612 |
| 9:01 | Research | Tech 1613 |
| 9:35 | Create | Villager (Male) |
| 9:35 | Create | Villager (Male) |
| 9:36 | Create | Villager (Male) |
| 9:44 | Create | Villager (Male) |
| 9:45 | Create | Villager (Male) |
| 9:46 | Create | Villager (Male) |
| 9:56 | Build | Farm |
| 10:08 | Build | Farm |
| 10:20 | Create | Villager (Male) |
| 10:21 | Create | Villager (Male) |
| 10:21 | Create | Villager (Male) |
| 10:27 | Create | Villager (Male) |
| 10:28 | Create | Villager (Male) |
| 10:29 | Create | Villager (Male) |
| 10:29 | Create | Villager (Male) |
| 10:35 | Build | Farm |
| 10:44 | Build | Farm |
| 10:51 | Create | Villager (Male) |
| 10:52 | Create | Villager (Male) |
| 10:53 | Create | Villager (Male) |
| 10:54 | Create | Villager (Male) |
| 11:03 | Build | Farm |
| 11:21 | Research | Hand Cart |
| 11:23 | Create | Villager (Male) |
| 11:24 | Create | Villager (Male) |
| 11:24 | Create | Villager (Male) |
| 11:26 | Build | Farm |
| 11:39 | Create | Villager (Male) |
| 11:40 | Create | Villager (Male) |
| 11:42 | Create | Villager (Male) |
| 11:44 | Build | Farm |
| 11:48 | Build | Farm |
| 11:53 | Build | Farm |
| 12:02 | Research | Tech 1715 |
| 12:10 | Create | Villager (Male) |
| 12:11 | Create | Villager (Male) |
| 12:15 | Create | Villager (Male) |
| 12:18 | Create | Villager (Male) |
| 12:21 | Create | Villager (Male) |
| 12:21 | Create | Villager (Male) |
| 12:23 | Create | Villager (Male) |
| 12:34 | Research | Tech 1716 |
| 12:40 | Build | Farm |
| 13:01 | Create | Villager (Male) |
| 13:01 | Create | Villager (Male) |
| 13:02 | Create | Villager (Male) |
| 13:02 | Create | Villager (Male) |
| 13:03 | Create | Villager (Male) |
| 13:04 | Create | Villager (Male) |
| 13:05 | Create | Villager (Male) |
| 13:06 | Create | Villager (Male) |
| 13:09 | Create | Villager (Male) |
| 13:11 | Create | Villager (Male) |
| 13:11 | Create | Villager (Male) |
| 13:13 | Create | Villager (Male) |
| 13:13 | Create | Villager (Male) |
| 13:14 | Create | Villager (Male) |
| 13:37 | Build | Town Center |
| 13:55 | Build | Farm |
| 13:59 | Build | Farm |
| 14:07 | Create | Villager (Male) |
| 14:07 | Create | Villager (Male) |
| 14:10 | Create | Villager (Male) |
| 14:10 | Create | Villager (Male) |
| 14:11 | Create | Villager (Male) |
| 14:13 | Create | Villager (Male) |
| 14:13 | Create | Villager (Male) |
| 14:29 | Create | Villager (Male) |
| 14:30 | Create | Villager (Male) |
| 14:31 | Create | Villager (Male) |
| 14:33 | Build | Farm |
| 14:36 | Build | Farm |
| 14:42 | Build | Farm |
| 14:54 | Build | Farm |
| 14:59 | Create | Villager (Male) |
| 14:59 | Create | Villager (Male) |
| 15:00 | Create | Villager (Male) |
| 15:00 | Create | Villager (Male) |
| 15:01 | Create | Villager (Male) |
| 15:03 | Create | Villager (Male) |
| 15:03 | Create | Villager (Male) |
| 15:04 | Create | Villager (Male) |
| 15:04 | Create | Villager (Male) |
| 15:08 | Create | Villager (Male) |
| 15:10 | Create | Villager (Male) |
| 15:11 | Create | Villager (Male) |
| 15:11 | Create | Villager (Male) |
| 15:13 | Build | Farm |
| 15:17 | Create | Villager (Male) |
| 15:18 | Create | Villager (Male) |
| 15:19 | Create | Villager (Male) |
| 15:20 | Create | Villager (Male) |
| 15:21 | Create | Villager (Male) |
| 15:21 | Create | Villager (Male) |
| 15:23 | Build | Farm |
| 15:31 | Create | Villager (Male) |
| 15:32 | Create | Villager (Male) |
Build order — 468673564
First 150 of 891 actions detected
| 1:10 | Build | Mill |
| 1:27 | Build | Farm |
| 1:27 | Build | Farm |
| 1:28 | Build | Farm |
| 1:28 | Build | Farm |
| 1:28 | Build | Farm |
| 1:29 | Build | Farm |
| 1:30 | Build | Farm |
| 1:42 | Build | Mill |
| 2:19 | Build | Farm |
| 2:28 | Build | Lumber Camp |
| 2:36 | Build | Lumber Camp |
| 4:23 | Build | Lumber Camp |
| 4:42 | Build | Farm |
| 5:16 | Build | Farm |
| 5:43 | Build | Farm |
| 5:58 | Build | Lumber Camp |
| 6:30 | Build | Lumber Camp |
| 6:51 | Build | Farm |
| 7:21 | Research | Feudal Age |
| 7:30 | Build | Farm |
| 8:13 | Age | Feudal Age |
| 8:27 | Research | Double-Bit Axe |
| 8:51 | Build | Market |
| 9:27 | Build | Blacksmith |
| 9:39 | Build | Lumber Camp |
| 9:53 | Research | Castle Age |
| 10:17 | Research | Tech 1687 |
| 10:19 | Research | Tech 1688 |
| 10:57 | Age | Castle Age |
| 11:01 | Research | Bow Saw |
| 11:05 | Research | Tech 1691 |
| 11:10 | Research | Tech 1692 |
| 11:10 | Research | Tech 1692 |
| 11:18 | Research | Wheelbarrow |
| 11:22 | Research | Town Watch |
| 11:22 | Research | Town Watch |
| 11:22 | Research | Tech 1612 |
| 11:23 | Research | Tech 1612 |
| 11:23 | Research | Town Patrol |
| 11:23 | Research | Town Patrol |
| 11:24 | Research | Tech 1613 |
| 11:24 | Research | Tech 1613 |
| 11:27 | Research | Wheelbarrow |
| 11:29 | Research | Tech 1699 |
| 11:29 | Research | Tech 1700 |
| 11:30 | Research | Tech 1700 |
| 12:19 | Research | Hand Cart |
| 12:20 | Research | Hand Cart |
| 12:20 | Research | Tech 1715 |
| 12:20 | Research | Tech 1715 |
| 12:21 | Research | Tech 1716 |
| 12:21 | Research | Tech 1716 |
| 12:34 | Build | University |
| 12:54 | Build | Lumber Camp |
| 13:01 | Build | Monastery |
| 13:30 | Research | Imperial Age |
| 14:00 | Build | Town Center |
| 14:32 | Create | Villager (Male) ×5 |
| 14:32 | Create | Villager (Male) ×5 |
| 14:32 | Create | Villager (Male) ×5 |
| 14:51 | Age | Imperial Age |
| 14:53 | Research | Tech 1715 |
| 14:54 | Research | Tech 1716 |
| 14:54 | Research | Tech 1716 |
| 15:33 | Build | Castle |
| 15:38 | Build | Lumber Camp |
| 15:47 | Build | Lumber Camp |
| 15:51 | Create | Villager (Male) ×5 |
| 15:51 | Create | Villager (Male) ×5 |
| 15:51 | Create | Villager (Male) ×5 |
| 16:26 | Research | Tech 1705 |
| 16:26 | Research | Tech 1706 |
| 16:27 | Research | Tech 1706 |
| 16:47 | Research | Drill |
| 16:47 | Research | Drill |
| 16:55 | Research | Tech 1609 |
| 16:55 | Research | Tech 1609 |
| 16:58 | Research | Spies/Treason |
| 16:58 | Research | Spies/Treason |
| 17:03 | Research | Nomads |
| 17:05 | Research | Conscription |
| 17:05 | Research | Conscription |
| 17:05 | Research | Tech 1733 |
| 17:06 | Research | Tech 1733 |
| 17:06 | Research | Tech 1734 |
| 17:06 | Research | Tech 1734 |
| 18:37 | Build | Town Center |
| 19:00 | Build | Town Center |
| 19:06 | Create | Villager (Male) ×5 |
| 19:06 | Create | Villager (Male) ×5 |
| 19:07 | Create | Villager (Male) ×5 |
| 19:07 | Create | Villager (Male) ×5 |
| 19:13 | Build | Mining Camp |
| 19:26 | Build | Mining Camp |
| 19:29 | Research | Stone Mining |
| 19:29 | Research | Stone Mining |
| 19:29 | Research | Stone Mining |
| 19:32 | Research | Tech 1723 |
| 19:42 | Research | Stone Shaft Mining |
| 19:42 | Research | Stone Shaft Mining |
| 19:43 | Research | Stone Shaft Mining |
| 19:43 | Research | Tech 1724 |
| 19:43 | Research | Tech 1724 |
| 19:43 | Research | Tech 1724 |
| 19:44 | Research | Tech 1727 |
| 19:44 | Research | Tech 1727 |
| 19:44 | Research | Tech 1727 |
| 19:44 | Research | Tech 1728 |
| 19:45 | Research | Tech 1728 |
| 20:15 | Build | Town Center |
| 20:21 | Create | Villager (Male) ×5 |
| 20:21 | Create | Villager (Male) ×5 |
| 20:21 | Create | Villager (Male) ×5 |
| 20:22 | Create | Villager (Male) ×5 |
| 20:22 | Create | Villager (Male) ×5 |
| 20:28 | Research | Tech 1625 |
| 20:28 | Research | Tech 1625 |
| 20:28 | Research | Tech 1625 |
| 20:28 | Research | Tech 1624 |
| 20:29 | Research | Tech 1624 |
| 20:29 | Research | Tech 1624 |
| 20:29 | Research | Horse Collar |
| 20:29 | Research | Horse Collar |
| 20:30 | Research | Horse Collar |
| 20:35 | Research | Forging |
| 20:35 | Research | Forging |
| 20:35 | Research | Forging |
| 20:35 | Research | Tech 1661 |
| 20:36 | Research | Tech 1661 |
| 20:36 | Research | Tech 1661 |
| 20:36 | Research | Tech 1662 |
| 20:36 | Research | Tech 1662 |
| 20:37 | Research | Tech 1662 |
| 20:37 | Research | Scale Mail Armor |
| 20:38 | Research | Scale Mail Armor |
| 20:38 | Research | Scale Mail Armor |
| 20:38 | Research | Tech 1663 |
| 20:39 | Research | Tech 1663 |
| 20:39 | Research | Tech 1664 |
| 20:39 | Research | Tech 1664 |
| 20:40 | Research | Scale Barding Armor |
| 20:41 | Research | Scale Barding Armor |
| 20:41 | Research | Tech 1871 |
| 20:41 | Research | Tech 1871 |
| 20:41 | Research | Tech 1871 |
| 20:42 | Research | Tech 1872 |
| 20:42 | Research | Tech 1872 |
| 20:42 | Research | Tech 1872 |
| 20:43 | Research | Fletching |
Build order — FlyingSheep
First 150 of 910 actions detected
| 1:09 | Build | Mill |
| 1:19 | Build | Lumber Camp |
| 1:30 | Build | Farm |
| 1:33 | Build | Farm |
| 1:37 | Build | Farm |
| 1:41 | Build | Farm |
| 1:44 | Build | Farm |
| 1:48 | Build | Farm |
| 1:51 | Build | Farm |
| 1:54 | Build | Farm |
| 2:10 | Build | Lumber Camp |
| 3:27 | Build | Farm |
| 3:56 | Build | Lumber Camp |
| 6:55 | Build | Lumber Camp |
| 7:01 | Build | Farm |
| 7:16 | Build | Farm |
| 7:43 | Research | Feudal Age |
| 8:25 | Create | Villager (Male) |
| 8:31 | Build | Mining Camp |
| 8:35 | Build | Mining Camp |
| 8:35 | Age | Feudal Age |
| 8:43 | Build | Mill |
| 8:50 | Research | Double-Bit Axe |
| 8:51 | Research | Tech 1687 |
| 8:51 | Research | Tech 1687 |
| 8:51 | Research | Tech 1688 |
| 8:52 | Research | Tech 1688 |
| 8:57 | Research | Tech 1687 |
| 9:03 | Research | Wheelbarrow |
| 9:05 | Research | Tech 1699 |
| 9:06 | Research | Tech 1699 |
| 9:07 | Research | Tech 1700 |
| 9:22 | Build | Lumber Camp |
| 9:29 | Build | Lumber Camp |
| 9:41 | Build | Farm |
| 10:02 | Build | Blacksmith |
| 10:15 | Build | Market |
| 10:25 | Research | Stone Mining |
| 10:25 | Research | Stone Mining |
| 10:26 | Research | Tech 1723 |
| 10:26 | Research | Tech 1723 |
| 10:26 | Research | Tech 1724 |
| 10:27 | Research | Tech 1724 |
| 10:46 | Research | Castle Age |
| 11:08 | Research | Gold Mining |
| 11:08 | Research | Gold Mining |
| 11:08 | Research | Tech 1653 |
| 11:09 | Research | Tech 1653 |
| 11:37 | Research | Tech 1625 |
| 11:37 | Research | Tech 1624 |
| 11:39 | Research | Horse Collar |
| 11:43 | Research | Forging |
| 11:44 | Research | Forging |
| 11:44 | Research | Tech 1661 |
| 11:44 | Research | Tech 1661 |
| 11:45 | Research | Tech 1662 |
| 11:45 | Research | Tech 1662 |
| 11:50 | Age | Castle Age |
| 12:00 | Create | Villager (Male) |
| 12:01 | Create | Villager (Male) |
| 12:02 | Create | Villager (Male) |
| 12:02 | Create | Villager (Male) |
| 12:11 | Build | Mill |
| 13:43 | Build | Castle |
| 13:49 | Build | Lumber Camp |
| 13:53 | Build | Siege Workshop |
| 14:05 | Research | Tech 1623 |
| 14:29 | Create | Mangonel |
| 14:30 | Create | Mangonel |
| 14:32 | Create | Mangonel |
| 14:43 | Research | Bow Saw |
| 14:45 | Create | Villager (Male) |
| 14:48 | Research | Tech 1691 |
| 14:49 | Research | Tech 1691 |
| 14:49 | Research | Tech 1692 |
| 14:50 | Research | Tech 1692 |
| 14:52 | Create | Villager (Male) |
| 14:53 | Create | Villager (Male) |
| 15:21 | Research | Imperial Age |
| 15:21 | Research | Imperial Age |
| 15:26 | Research | Yasama |
| 15:26 | Research | Yasama |
| 15:26 | Research | Tech 1772 |
| 15:27 | Research | Tech 1772 |
| 15:27 | Research | Tech 1773 |
| 15:27 | Research | Tech 1773 |
| 15:30 | Research | Tech 1727 |
| 15:30 | Research | Tech 1727 |
| 15:30 | Research | Tech 1728 |
| 15:31 | Research | Tech 1728 |
| 15:31 | Research | Gold Shaft Mining |
| 15:31 | Research | Tech 1654 |
| 15:32 | Research | Tech 1654 |
| 15:32 | Research | Tech 1677 |
| 15:34 | Build | Lumber Camp |
| 16:13 | Build | Town Center |
| 16:30 | Create | Mangonel |
| 16:31 | Create | Mangonel |
| 16:51 | Age | Imperial Age |
| 16:56 | Research | Onager (upgrade) |
| 16:59 | Research | Spies/Treason |
| 17:00 | Research | Conscription |
| 17:00 | Research | Kataparuto |
| 17:01 | Research | Hoardings |
| 17:01 | Research | Tech 1735 |
| 17:01 | Research | Tech 1745 |
| 17:01 | Research | Tech 1735 |
| 17:01 | Research | Tech 1733 |
| 17:02 | Research | Tech 1657 |
| 17:02 | Research | Tech 1657 |
| 17:03 | Research | Tech 1734 |
| 17:03 | Research | Tech 1736 |
| 17:03 | Research | Tech 1734 |
| 17:18 | Research | Conscription |
| 17:18 | Research | Conscription |
| 17:18 | Research | Tech 1733 |
| 17:19 | Research | Tech 1733 |
| 17:19 | Research | Tech 1734 |
| 17:19 | Research | Tech 1734 |
| 17:24 | Research | Town Watch |
| 17:25 | Research | Town Watch |
| 17:25 | Research | Tech 1612 |
| 17:25 | Research | Town Patrol |
| 17:26 | Research | Town Patrol |
| 17:26 | Research | Tech 1613 |
| 18:54 | Research | Hand Cart |
| 18:55 | Research | Hand Cart |
| 18:55 | Research | Tech 1715 |
| 18:55 | Research | Tech 1715 |
| 18:56 | Create | Villager (Male) ×5 |
| 18:56 | Create | Villager (Male) ×5 |
| 18:57 | Create | Villager (Male) ×5 |
| 18:57 | Create | Villager (Male) ×5 |
| 18:57 | Create | Villager (Male) ×5 |
| 18:58 | Create | Villager (Male) ×5 |
| 19:00 | Research | Two-Man Saw |
| 19:05 | Research | Tech 1705 |
| 19:05 | Research | Tech 1705 |
| 19:06 | Research | Tech 1706 |
| 19:07 | Research | Tech 1678 |
| 19:08 | Research | Tech 1678 |
| 19:15 | Create | Mangonel |
| 19:16 | Create | Mangonel |
| 19:17 | Create | Mangonel |
| 19:34 | Research | Heavy Scorpion (upgrade) |
| 19:35 | Research | Heavy Scorpion (upgrade) |
| 19:52 | Build | Siege Workshop |
| 19:56 | Build | Lumber Camp |
| 20:15 | Create | Scorpion |
| 20:15 | Create | Scorpion |
Build order — Mr.李
First 150 of 915 actions detected
| 2:21 | Build | Mill |
| 2:56 | Build | Farm |
| 3:03 | Build | Farm |
| 3:12 | Build | Farm |
| 3:20 | Build | Farm |
| 3:29 | Build | Farm |
| 3:39 | Build | Farm |
| 3:48 | Build | Farm |
| 4:07 | Build | Farm |
| 4:16 | Build | Farm |
| 4:42 | Build | Lumber Camp |
| 7:40 | Build | Lumber Camp |
| 7:56 | Build | Farm |
| 8:11 | Build | Farm |
| 8:36 | Build | Dock |
| 9:17 | Research | Feudal Age |
| 9:50 | Build | Farm |
| 10:09 | Age | Feudal Age |
| 10:19 | Build | Farm |
| 10:34 | Research | Wheelbarrow |
| 10:36 | Research | Tech 1699 |
| 10:37 | Research | Tech 1700 |
| 10:42 | Research | Double-Bit Axe |
| 10:42 | Research | Double-Bit Axe |
| 10:42 | Research | Tech 1687 |
| 10:43 | Research | Tech 1688 |
| 10:49 | Research | Tech 1625 |
| 10:50 | Research | Tech 1624 |
| 10:50 | Research | Horse Collar |
| 11:33 | Create | Fishing Ship |
| 11:33 | Create | Fishing Ship |
| 11:34 | Create | Fishing Ship |
| 11:34 | Research | Tech 1960 |
| 11:52 | Research | Tech 1961 |
| 12:31 | Create | Villager (Male) |
| 12:32 | Create | Villager (Male) |
| 12:32 | Create | Villager (Male) |
| 12:32 | Create | Villager (Male) |
| 12:33 | Create | Villager (Male) |
| 12:59 | Build | Farm |
| 13:09 | Build | Lumber Camp |
| 13:26 | Build | Fish Trap |
| 13:31 | Build | Fish Trap |
| 13:52 | Build | Fish Trap |
| 14:02 | Create | Transport Ship |
| 14:36 | Build | Lumber Camp |
| 15:52 | Build | Market |
| 16:06 | Build | Blacksmith |
| 16:22 | Build | Lumber Camp |
| 16:39 | Build | Farm |
| 16:48 | Build | Farm |
| 16:55 | Build | Farm |
| 17:13 | Build | Farm |
| 17:52 | Build | Barracks |
| 18:04 | Research | Fletching |
| 18:05 | Research | Padded Archer Armor |
| 18:05 | Research | Forging |
| 18:06 | Research | Scale Mail Armor |
| 18:07 | Research | Scale Barding Armor |
| 18:08 | Research | Tech 1661 |
| 18:09 | Research | Tech 1663 |
| 18:09 | Research | Tech 1871 |
| 18:10 | Research | Tech 1695 |
| 18:10 | Research | Tech 1681 |
| 18:12 | Research | Tech 1872 |
| 18:13 | Research | Tech 1696 |
| 18:13 | Research | Tech 1682 |
| 18:14 | Research | Tech 1662 |
| 18:14 | Research | Tech 1664 |
| 18:28 | Build | Lumber Camp |
| 19:02 | Build | Farm |
| 19:36 | Build | Lumber Camp |
| 19:50 | Create | Villager (Male) |
| 19:50 | Create | Villager (Male) |
| 19:51 | Create | Villager (Male) |
| 19:51 | Create | Villager (Male) |
| 19:51 | Create | Villager (Male) |
| 19:51 | Create | Villager (Male) |
| 19:52 | Create | Villager (Male) |
| 20:06 | Build | Lumber Camp |
| 20:40 | Research | Castle Age |
| 20:55 | Build | Farm |
| 21:23 | Research | Arson |
| 21:25 | Research | Man-at-Arms (upgrade) |
| 21:26 | Create | Militia |
| 21:26 | Create | Militia |
| 21:26 | Create | Militia |
| 21:27 | Create | Militia |
| 21:27 | Create | Spearman |
| 21:28 | Create | Spearman |
| 21:28 | Create | Spearman |
| 21:29 | Create | Militia |
| 21:29 | Create | Militia |
| 21:29 | Create | Militia |
| 21:30 | Create | Militia |
| 21:30 | Create | Militia |
| 22:45 | Research | Tech 1721 |
| 23:34 | Create | Villager (Male) |
| 23:35 | Create | Villager (Male) |
| 23:35 | Create | Villager (Male) |
| 23:36 | Create | Villager (Male) |
| 23:36 | Create | Villager (Male) |
| 23:36 | Create | Villager (Male) |
| 23:37 | Create | Villager (Male) |
| 23:37 | Create | Villager (Male) |
| 23:38 | Create | Villager (Male) |
| 23:38 | Create | Villager (Male) |
| 23:38 | Create | Villager (Male) |
| 23:39 | Create | Villager (Male) |
| 23:47 | Age | Castle Age |
| 24:08 | Research | Hand Cart |
| 24:12 | Research | Tech 1715 |
| 24:13 | Research | Tech 1716 |
| 24:18 | Research | Bow Saw |
| 24:35 | Build | Farm |
| 24:47 | Build | Monastery |
| 25:50 | Build | Mining Camp |
| 26:40 | Research | Gold Mining |
| 26:40 | Research | Stone Mining |
| 26:41 | Research | Tech 1653 |
| 26:41 | Research | Tech 1723 |
| 26:42 | Research | Tech 1654 |
| 26:42 | Research | Tech 1724 |
| 26:54 | Build | Lumber Camp |
| 27:24 | Build | University |
| 27:32 | Research | Fervor |
| 27:43 | Build | Lumber Camp |
| 28:01 | Research | Ballistics |
| 28:02 | Research | Heated Shot |
| 28:03 | Research | Tech 1651 |
| 28:03 | Research | Tech 1936 |
| 28:04 | Research | Murder Holes |
| 28:05 | Research | Fortified Wall (upgrade) |
| 28:07 | Research | Guard Tower (upgrade) |
| 28:14 | Research | Tech 1747 |
| 28:15 | Research | Tech 1652 |
| 28:16 | Research | Tech 1937 |
| 28:17 | Research | Tech 1748 |
| 28:18 | Research | Tech 1950 |
| 28:20 | Research | Tech 1972 |
| 28:27 | Research | Iron Casting |
| 28:28 | Research | Chain Mail Armor |
| 28:29 | Research | Bodkin Arrow |
| 28:31 | Research | Chain Barding Armor |
| 28:31 | Research | Leather Archer Armor |
| 28:32 | Research | Tech 1683 |
| 28:33 | Research | Tech 1673 |
| 28:34 | Research | Tech 1684 |
| 28:35 | Research | Tech 1869 |
| 28:36 | Research | Tech 1674 |
Build order — [ATA]Woosa
First 150 of 919 actions detected
| 0:13 | Create | Villager (Male) |
| 0:13 | Create | Villager (Male) |
| 0:13 | Create | Villager (Male) |
| 0:14 | Create | Villager (Male) |
| 0:14 | Create | Villager (Male) |
| 0:42 | Build | House |
| 1:09 | Research | Loom |
| 1:25 | Build | Settlement |
| 1:43 | Create | Villager (Male) |
| 1:45 | Create | Villager (Male) |
| 1:45 | Create | Villager (Male) |
| 2:03 | Create | Villager (Male) |
| 2:43 | Create | Villager (Male) |
| 2:43 | Create | Villager (Male) |
| 2:44 | Create | Villager (Male) |
| 2:44 | Create | Villager (Male) |
| 3:06 | Create | Villager (Male) |
| 3:06 | Create | Villager (Male) |
| 3:07 | Create | Villager (Male) |
| 3:07 | Create | Villager (Male) |
| 3:07 | Create | Villager (Male) |
| 4:12 | Research | Feudal Age |
| 5:05 | Age | Feudal Age |
| 5:20 | Build | Market |
| 5:30 | Build | Blacksmith |
| 5:34 | Create | Villager (Male) |
| 5:34 | Create | Villager (Male) |
| 5:34 | Create | Villager (Male) |
| 5:35 | Create | Villager (Male) |
| 5:35 | Create | Villager (Male) |
| 7:05 | Create | Villager (Male) |
| 7:05 | Create | Villager (Male) |
| 8:40 | Research | Castle Age |
| 9:44 | Age | Castle Age |
| 9:49 | Build | Town Center |
| 9:57 | Build | Town Center |
| 10:08 | Build | Town Center |
| 10:36 | Build | Farm |
| 10:39 | Build | Farm |
| 10:42 | Build | Farm |
| 10:48 | Build | Farm |
| 10:56 | Build | Market |
| 11:14 | Create | Villager (Male) |
| 11:14 | Create | Villager (Male) ×2 |
| 11:15 | Create | Villager (Male) ×2 |
| 11:43 | Build | House |
| 11:57 | Create | Villager (Male) ×5 |
| 11:58 | Create | Villager (Male) ×5 |
| 11:58 | Create | Villager (Male) ×2 |
| 11:58 | Create | Villager (Male) ×2 |
| 12:20 | Create | Villager (Male) ×2 |
| 12:20 | Create | Villager (Male) ×2 |
| 12:39 | Build | Farm |
| 12:59 | Create | Villager (Male) |
| 13:01 | Create | Villager (Male) |
| 13:01 | Create | Villager (Male) |
| 13:01 | Create | Villager (Male) |
| 13:02 | Create | Villager (Male) |
| 13:02 | Create | Villager (Male) |
| 13:02 | Create | Villager (Male) |
| 13:29 | Create | Villager (Male) |
| 13:30 | Create | Villager (Male) |
| 13:30 | Create | Villager (Male) |
| 13:30 | Create | Villager (Male) |
| 13:31 | Create | Villager (Male) |
| 14:05 | Create | Villager (Male) |
| 14:06 | Create | Villager (Male) |
| 14:06 | Create | Villager (Male) |
| 14:09 | Create | Villager (Male) |
| 14:10 | Create | Villager (Male) |
| 14:11 | Create | Villager (Male) |
| 14:22 | Create | Villager (Male) |
| 14:22 | Create | Villager (Male) |
| 14:44 | Build | Farm |
| 15:01 | Create | Villager (Male) ×5 |
| 15:02 | Create | Villager (Male) ×5 |
| 15:48 | Create | Villager (Male) ×5 |
| 15:49 | Create | Villager (Male) ×5 |
| 15:49 | Create | Villager (Male) ×4 |
| 15:49 | Create | Villager (Male) ×4 |
| 16:07 | Build | Farm |
| 16:11 | Build | Farm |
| 16:14 | Build | Farm |
| 16:33 | Build | Settlement |
| 16:37 | Research | Wheelbarrow |
| 16:38 | Research | Wheelbarrow |
| 16:38 | Research | Tech 1699 |
| 16:38 | Research | Tech 1699 |
| 16:44 | Research | Tech 1700 |
| 16:51 | Create | Villager (Male) ×2 |
| 17:54 | Research | Hand Cart |
| 17:54 | Research | Hand Cart |
| 17:55 | Research | Hand Cart |
| 17:55 | Research | Tech 1715 |
| 17:55 | Research | Tech 1715 |
| 17:56 | Research | Tech 1716 |
| 17:56 | Research | Tech 1716 |
| 18:02 | Research | Double-Bit Axe |
| 18:02 | Research | Double-Bit Axe |
| 18:07 | Research | Tech 1687 |
| 18:08 | Research | Tech 1687 |
| 18:24 | Research | Bow Saw |
| 18:24 | Research | Bow Saw |
| 18:24 | Research | Bow Saw |
| 18:39 | Research | Tech 1688 |
| 18:39 | Research | Tech 1688 |
| 19:00 | Research | Tech 1691 |
| 19:00 | Research | Tech 1691 |
| 19:01 | Research | Tech 1691 |
| 19:01 | Research | Tech 1692 |
| 19:01 | Research | Tech 1692 |
| 19:02 | Research | Tech 1692 |
| 19:28 | Research | Horse Collar |
| 19:29 | Research | Horse Collar |
| 19:29 | Research | Tech 1624 |
| 19:30 | Research | Tech 1624 |
| 19:30 | Research | Tech 1624 |
| 19:30 | Research | Tech 1625 |
| 19:31 | Research | Tech 1625 |
| 19:31 | Research | Tech 1625 |
| 19:33 | Research | Gold Mining |
| 19:33 | Research | Gold Mining |
| 19:34 | Research | Tech 1653 |
| 19:34 | Research | Tech 1653 |
| 19:34 | Research | Tech 1653 |
| 19:35 | Research | Tech 1654 |
| 19:35 | Research | Tech 1654 |
| 19:35 | Research | Tech 1654 |
| 19:37 | Research | Stone Mining |
| 19:37 | Research | Stone Mining |
| 19:37 | Research | Stone Mining |
| 19:38 | Research | Tech 1723 |
| 19:38 | Research | Tech 1723 |
| 19:38 | Research | Tech 1723 |
| 19:39 | Research | Tech 1724 |
| 19:39 | Research | Tech 1724 |
| 19:39 | Research | Tech 1724 |
| 19:59 | Build | Town Center |
| 20:17 | Create | Villager (Male) ×5 |
| 20:18 | Create | Villager (Male) ×5 |
| 20:18 | Create | Villager (Male) ×5 |
| 20:18 | Create | Villager (Male) ×5 |
| 20:57 | Create | Villager (Male) ×5 |
| 20:57 | Create | Villager (Male) ×5 |
| 20:57 | Create | Villager (Male) |
| 20:58 | Create | Villager (Male) |
| 21:05 | Build | Town Center |
| 21:10 | Build | Farm |
| 21:15 | Build | Farm |
| 21:18 | Build | Farm |
Build order — babeleo
First 150 of 879 actions detected
| 0:05 | Create | Villager (Male) |
| 0:06 | Create | Villager (Male) |
| 0:06 | Create | Villager (Male) |
| 0:12 | Build | Settlement |
| 0:14 | Create | Villager (Male) |
| 0:43 | Build | Farm |
| 1:04 | Create | Villager (Male) |
| 1:38 | Create | Villager (Male) |
| 1:53 | Create | Villager (Male) |
| 2:07 | Build | Farm |
| 2:09 | Create | Villager (Male) |
| 2:42 | Research | Feudal Age |
| 3:34 | Age | Feudal Age |
| 3:39 | Research | Town Watch |
| 3:44 | Create | Villager (Male) |
| 3:44 | Create | Villager (Male) |
| 3:54 | Build | Market |
| 4:01 | Research | Double-Bit Axe |
| 4:17 | Build | Farm |
| 4:20 | Create | Villager (Male) |
| 4:26 | Build | Farm |
| 5:01 | Research | Horse Collar |
| 5:05 | Research | Tech 1612 |
| 5:06 | Create | Villager (Male) |
| 5:13 | Build | Farm |
| 5:32 | Build | Farm |
| 5:41 | Build | Farm |
| 5:44 | Create | Villager (Male) |
| 5:48 | Research | Tech 1687 |
| 6:01 | Research | Tech 1688 |
| 6:03 | Create | Villager (Male) |
| 6:12 | Research | Tech 1624 |
| 6:18 | Research | Tech 1613 |
| 6:19 | Create | Villager (Male) |
| 7:24 | Build | Blacksmith |
| 7:33 | Create | Villager (Male) |
| 7:44 | Research | Castle Age |
| 7:49 | Build | Farm |
| 8:05 | Build | Farm |
| 8:33 | Build | Settlement |
| 8:46 | Build | Farm |
| 8:48 | Age | Castle Age |
| 8:58 | Create | Villager (Male) |
| 8:59 | Create | Villager (Male) |
| 9:34 | Build | Siege Workshop |
| 9:47 | Build | Monastery |
| 10:07 | Research | Imperial Age |
| 10:20 | Build | Farm |
| 10:26 | Research | Heavy Plow |
| 10:32 | Research | Bow Saw |
| 10:32 | Research | Tech 1622 |
| 10:40 | Create | Mangonel |
| 10:41 | Create | Mangonel |
| 10:41 | Create | Mangonel |
| 11:21 | Build | Farm |
| 11:23 | Age | Imperial Age |
| 11:29 | Build | Farm |
| 11:33 | Build | Farm |
| 11:45 | Research | Onager (upgrade) |
| 11:51 | Create | Villager (Male) |
| 11:52 | Create | Villager (Male) |
| 11:56 | Research | Wheelbarrow |
| 11:59 | Research | Bow Saw |
| 12:01 | Create | Villager (Male) |
| 12:23 | Research | Tech 1699 |
| 12:28 | Research | Loom |
| 13:01 | Build | Town Center |
| 13:45 | Create | Villager (Male) |
| 13:46 | Create | Villager (Male) |
| 14:05 | Build | Town Center |
| 14:20 | Build | Monastery |
| 14:29 | Create | Villager (Male) |
| 14:30 | Create | Villager (Male) |
| 14:31 | Create | Villager (Male) |
| 14:31 | Create | Villager (Male) |
| 14:35 | Build | Farm |
| 14:36 | Build | Farm |
| 14:41 | Create | Villager (Male) |
| 14:41 | Create | Villager (Male) |
| 14:49 | Research | Gold Mining |
| 14:50 | Research | Tech 1653 |
| 15:00 | Create | Monk |
| 15:08 | Create | Villager (Male) |
| 15:08 | Create | Villager (Male) |
| 15:16 | Build | Castle |
| 15:58 | Research | Town Patrol |
| 15:58 | Research | Hand Cart |
| 15:59 | Research | Hand Cart |
| 15:59 | Research | Tech 1700 |
| 16:21 | Research | Tech 1715 |
| 16:22 | Research | Tech 1628 |
| 16:24 | Create | Villager (Male) |
| 16:24 | Create | Villager (Male) |
| 16:25 | Create | Villager (Male) |
| 16:32 | Build | Settlement |
| 16:48 | Create | Villager (Male) |
| 16:50 | Create | Villager (Male) |
| 17:05 | Research | Druzhina |
| 17:10 | Build | Settlement |
| 17:14 | Create | Villager (Male) |
| 17:14 | Create | Villager (Male) |
| 17:14 | Create | Villager (Male) |
| 17:15 | Create | Villager (Male) |
| 17:15 | Create | Villager (Male) |
| 17:17 | Create | Villager (Male) |
| 17:17 | Create | Villager (Male) |
| 17:18 | Create | Villager (Male) |
| 17:22 | Research | Gold Shaft Mining |
| 17:23 | Research | Tech 1653 |
| 17:23 | Research | Tech 1654 |
| 17:24 | Research | Tech 1654 |
| 17:26 | Create | Villager (Male) |
| 17:26 | Create | Villager (Male) |
| 17:47 | Research | Conscription |
| 17:48 | Research | Tech 455 |
| 17:51 | Research | Tech 1733 |
| 17:52 | Research | Tech 1733 |
| 17:52 | Research | Tech 1734 |
| 17:52 | Research | Tech 1734 |
| 17:56 | Build | Farm |
| 18:03 | Create | Villager (Male) |
| 18:56 | Create | Villager (Male) |
| 18:56 | Create | Villager (Male) |
| 18:58 | Create | Villager (Male) |
| 18:58 | Create | Villager (Male) |
| 19:02 | Build | Farm |
| 19:04 | Build | Farm |
| 19:07 | Research | Tech 1677 |
| 19:08 | Research | Tech 1678 |
| 19:09 | Research | Stone Mining |
| 19:11 | Research | Two-Man Saw |
| 19:13 | Research | Tech 1691 |
| 19:14 | Research | Tech 1692 |
| 19:17 | Research | Tech 1705 |
| 19:18 | Research | Tech 1706 |
| 19:18 | Research | Tech 1706 |
| 19:18 | Research | Tech 1706 |
| 19:19 | Create | Villager (Male) |
| 19:20 | Create | Villager (Male) |
| 20:09 | Research | Coinage |
| 20:29 | Create | Villager (Male) |
| 20:29 | Create | Villager (Male) |
| 20:40 | Create | Villager (Male) |
| 20:40 | Create | Villager (Male) |
| 20:56 | Create | Villager (Male) |
| 20:56 | Create | Villager (Male) |
| 21:06 | Build | Town Center |
| 21:22 | Build | Barracks |
| 21:24 | Build | Blacksmith |
| 21:46 | Create | Villager (Male) |
Match timeline
| 3:34 | babeleo · age_up feudal |
| 4:15 | fxsound · age_up feudal |
| 5:05 | [ATA]Woosa · age_up feudal |
| 5:14 | 東亞窪地 · age_up feudal |
| 5:16 | babeleo · first_market_sell 100 wood |
| 6:53 | [ATA]Woosa · first_market_sell 100 wood |
| 6:57 | [ATA]Woosa · first_market_buy 100 food |
| 7:49 | fxsound · age_up castle |
| 8:08 | Pikachu · age_up feudal |
| 8:13 | 468673564 · age_up feudal |
| 8:35 | FlyingSheep · age_up feudal |
| 8:36 | Mr.李 · first_building Dock |
| 8:38 | 東亞窪地 · age_up castle |
| 8:48 | babeleo · age_up castle |
| 8:55 | Pikachu · first_market_sell 500 wood |
| 9:34 | babeleo · first_building Siege Workshop |
| 9:44 | [ATA]Woosa · age_up castle |
| 9:47 | babeleo · first_building Monastery |
| 9:49 | Pikachu · first_building Dock |
| 9:50 | 468673564 · first_market_sell 500 wood |
| 10:09 | Mr.李 · age_up feudal |
| 10:44 | FlyingSheep · first_market_sell 500 wood |
| 10:48 | Pikachu · age_up castle |
| 10:57 | 468673564 · age_up castle |
| 11:23 | babeleo · age_up imperial |
| 11:50 | FlyingSheep · age_up castle |
| 12:42 | Pikachu · first_building Siege Workshop |
| 12:46 | Pikachu · first_building Monastery |
| 13:01 | 468673564 · first_building Monastery |
| 13:43 | FlyingSheep · first_building Castle |
| 13:53 | FlyingSheep · first_building Siege Workshop |
| 13:58 | 東亞窪地 · first_building Castle |
| 14:25 | 468673564 · first_market_buy 100 stone |
| 14:51 | 468673564 · age_up imperial |
| 14:57 | Pikachu · age_up imperial |
| 15:16 | babeleo · first_building Castle |
| 15:33 | 468673564 · first_building Castle |
| 15:47 | 東亞窪地 · first_market_sell 500 wood |
| 16:51 | FlyingSheep · age_up imperial |
| 17:08 | fxsound · first_building Castle |
| 17:09 | 東亞窪地 · age_up imperial |
| 17:26 | 東亞窪地 · first_building Siege Workshop |
| 17:30 | fxsound · first_building Siege Workshop |
| 17:41 | Pikachu · first_building Castle |
| 17:52 | Mr.李 · first_building Barracks |
| 18:13 | Pikachu · first_market_buy 500 stone |
| 19:46 | fxsound · first_building Barracks |
| 20:13 | Mr.李 · first_market_sell 100 wood |
| 20:21 | fxsound · first_building Archery Range |
| 20:27 | fxsound · age_up imperial |
| 21:22 | babeleo · first_building Barracks |
| 21:39 | FlyingSheep · first_building Barracks |
| 21:57 | Pikachu · tribute_sent a jugador 1 |
| 21:57 | Pikachu · tribute_sent a jugador 2 |
| 21:57 | Pikachu · tribute_sent a jugador 3 |
| 21:57 | Pikachu · tribute_sent a jugador 5 |
| 21:57 | Pikachu · tribute_sent a jugador 6 |
| 21:57 | Pikachu · tribute_sent a jugador 7 |
| 21:57 | Pikachu · tribute_sent a jugador 8 |
| 22:16 | 468673564 · first_building Barracks |
| 22:26 | 468673564 · first_building Siege Workshop |
| 22:40 | babeleo · first_building Stable |
| 22:46 | fxsound · first_building Stable |
| 22:54 | Pikachu · first_building Barracks |
| 23:14 | [ATA]Woosa · first_building Monastery |
| 23:32 | Pikachu · first_building Archery Range |
| 23:33 | Pikachu · first_building Stable |
| 23:47 | Mr.李 · age_up castle |
| 24:47 | Mr.李 · first_building Monastery |
| 26:04 | babeleo · first_building Archery Range |
| 28:37 | FlyingSheep · first_building Dock |
| 29:02 | Mr.李 · first_building Castle |
| 29:48 | 468673564 · first_building Stable |
| 29:51 | 468673564 · first_building Archery Range |
| 30:14 | Mr.李 · first_building Archery Range |
| 30:15 | babeleo · wall_segment Stone Wall x6 |
| 30:44 | Mr.李 · first_building Siege Workshop |
| 31:03 | [ATA]Woosa · age_up imperial |
| 31:07 | Mr.李 · age_up imperial |
| 31:33 | FlyingSheep · first_building Archery Range |
| 31:37 | [ATA]Woosa · first_building Castle |
| 37:36 | [ATA]Woosa · first_building Barracks |
| 38:06 | [ATA]Woosa · first_building Archery Range |
| 45:45 | babeleo · wall_segment Stone Wall x13 |
| 52:01 | 東亞窪地 · first_building Dock |
| 53:02 | 東亞窪地 · first_building Barracks |
| 54:42 | babeleo · wall_segment Stone Wall x16 |
| 59:12 | babeleo · wall_segment Stone Wall x10 |
| 59:14 | babeleo · wall_segment Stone Wall x6 |
| 59:17 | babeleo · wall_segment Stone Wall x11 |
| 59:37 | [ATA]Woosa · first_building Siege Workshop |
| 59:57 | 東亞窪地 · first_building Archery Range |
| 60:35 | FlyingSheep · tribute_sent a jugador 1 |
| 60:35 | FlyingSheep · tribute_sent a jugador 2 |
| 60:35 | FlyingSheep · tribute_sent a jugador 3 |
| 60:35 | FlyingSheep · tribute_sent a jugador 4 |
| 60:35 | FlyingSheep · tribute_sent a jugador 6 |
| 60:35 | FlyingSheep · tribute_sent a jugador 7 |
| 60:35 | FlyingSheep · tribute_sent a jugador 8 |
| 63:16 | FlyingSheep · tribute_sent a jugador 1 |
| 63:16 | FlyingSheep · tribute_sent a jugador 2 |
| 63:16 | FlyingSheep · tribute_sent a jugador 3 |
| 63:16 | FlyingSheep · tribute_sent a jugador 4 |
| 63:16 | FlyingSheep · tribute_sent a jugador 6 |
| 63:16 | FlyingSheep · tribute_sent a jugador 7 |
| 63:16 | FlyingSheep · tribute_sent a jugador 8 |
| 64:52 | babeleo · wall_segment Stone Wall x2 |
| 65:01 | babeleo · wall_segment Stone Wall x9 |
| 67:42 | babeleo · wall_segment Stone Wall x13 |
| 68:50 | babeleo · wall_segment Stone Wall x13 |
| 69:13 | babeleo · wall_segment Stone Wall x13 |
| 69:18 | babeleo · wall_segment Stone Wall x9 |
| 72:20 | fxsound · resign |
[ AI ANALYSIS · 1 CREDIT ]
What really happened in this match?
Wolo.gg analyzes every decision: build order, eco, micro, common mistakes by bracket. Personalized analysis on WhatsApp or Discord in 30 seconds.
Civ guide
Byzantines
Map guide
BAMBOO NOTHING_Paren_v4 (Custom)
Perfil
Jugador #1753972